 Dungeon Crawl Stone Soup version 0.16.1-51-g6203257 (webtiles) character file.

499 soupofsoups the Slicer (level 7, -4/66 HPs)
             Began as a Halfling Assassin on July 5, 2015.
             Slain by an iron imp (5 damage)
             ... summoned by Eustachio
             ... on level 5 of the Dungeon.
             The game lasted 00:34:05 (4911 turns).

soupofsoups the Slicer (Halfling Assassin)          Turns: 4911, Time: 00:34:07

Health: -4/66      AC: 28    Str: 11    XL:     7   Next: 39%
Magic:  7/7        EV:  3    Int: 10    God:
Gold:   122        SH:  0    Dex: 18    Spells: 0 memorised, 6 levels left

rFire  . . .     SeeInvis +     p - +0 short sword (protect)
rCold  . . .     Clarity  .     c - melded +1 robe
rNeg   + + +     SustAb   .     (no shield)
rPois  +         Gourm    .     y - melded +0 helmet
rElec  .         Spirit   .     d - melded +0 cloak
rCorr  .         Warding  .     z - melded +0 pair of gloves
rMut   .         NoTele   +     (boots currently unavailable)
MR     .....                    (no amulet)
Stlth  ++++......               w - ring of poison resistance
                                r - ring of see invisible

@: tree-form, drained, not resistant to hostile enchantments, stealthy
A: mutation resistance 1
a: no special abilities


You were on level 5 of the Dungeon.
You were not hungry.
You were a tree.
You visited 1 branch of the dungeon, and saw 5 of its levels.

You collected 122 gold pieces.

Inventory:

Hand weapons
 a - a +2 dagger
 b - a +0 blowgun
 m - a cursed -2 dagger
 p - a +0 short sword of protection (weapon)
 I - a +1 short sword of draining
 P - a +0 dagger of draining
Missiles
 e - 13 poisoned needles
 f - 2 curare-tipped needles
 j - 43 sling bullets
Armour
 c - a +1 robe (melded)
 d - a +0 cloak (melded)
 y - a +0 helmet (melded)
 z - a +0 pair of gloves (melded)
 G - a +0 leather armour of cold resistance
 R - a +0 helmet
Jewellery
 r - a ring of see invisible (left branch)
 w - a ring of poison resistance (right branch)
 N - an uncursed ring of positive energy
Magical devices
 E - a wand of confusion (7)
 K - a wand of polymorph (9)
 L - a wand of slowing (11)
Scrolls
 o - a scroll of immolation {unknown}
 A - 2 scrolls of enchant weapon {unknown}
 B - 5 scrolls of identify {unknown}
 D - 2 scrolls of teleportation {unknown}
 F - a scroll of remove curse
 J - 2 scrolls of blinking {unknown}
Potions
 k - a potion of haste {unknown}
 n - a potion of heal wounds {unknown}
 s - 2 potions of lignification
 u - a potion of curing {unknown}
 x - a potion of restore abilities {unknown}
 O - a potion of ambrosia {unknown}
Comestibles
 g - 7 bread rations
 h - 2 beef jerkies
 i - 2 slices of pizza
 l - 2 meat rations
 v - 4 fruits


   Skills:
 - Level 1.7(1.6) Fighting
 + Level 9.9(9.7) Short Blades
 - Level 2.6(2.5) Throwing
 - Level 1.1(0.9) Dodging
 - Level 4.3(4.2) Stealth


You had 6 spell levels left.
You didn't know any spells.

Dungeon Overview and Level Annotations

Branches:
Dungeon (5/15)
 Temple: D:4-7

Altars:
Cheibriados
Dithmenos
Vehumet
Yredelemnul
The Shining One

Annotations:
D:5 Eustachio


Innate Abilities, Weirdness & Mutations

You are small and have problems with some larger weapons.
You are somewhat resistant to further mutation.


Message History

* * * LOW HITPOINT WARNING * * *
Eustachio closely misses you.
The crimson imp hits you but does no damage.
As you read the scroll labeled NUTHRU BOAXOY, it crumbles to dust.
It is a scroll of enchant armour.
Enchant which item? (? for menu, Esc to quit)
Your +0 robe glows green for a moment.
The rat misses you. The quokka barely misses you.
The iron imp closely misses you.
The iron imp shouts, "Take thy face hence, thou pandering half-faced Cock-Lorel!"
The iron imp misses you. Eustachio hits you with a rapier.
* * * LOW HITPOINT WARNING * * *
The crimson imp barely misses you.
It was a potion of lignification.
You turn into a tree.
Your +0 cloak melds into your body.
Your +0 helmet melds into your body.
Your +0 pair of gloves melds into your body.
Your +1 robe melds into your body.
Your roots penetrate the ground.
The rat bites you but does no damage.
The quokka bites you but does no damage.
The iron imp hits you.
You die...

... ..### ..#..
## # ...#
#.#)##..# .
###.##...#
#..##.#rr....##
#....5@r.....#
###..r♣##...##
#..5#5....#
#.... .......
#.#.##...#.#...
#. ##
....#..... #
5#.#......
.##...... ...


You could see Eustachio, 2 iron imps, a crimson imp, a river rat, 2 quokkas and
a rat.

Vanquished Creatures
  An ogre (D:4)
  2 scorpions
  An iguana (D:4)
  3 orc wizards (D:4)
  Ijyb (D:4)
  Robin (D:4)
  5 adders
  2 giant mites (D:4)
  2 worms
  An adder zombie (D:4)
  An ooze (D:3)
  8 orcs
  A bat skeleton (D:4)
  6 giant cockroaches
  16 hobgoblins
  4 jackals (D:1)
  4 bats
  4 giant geckos
  6 giant newts
  21 goblins
  13 kobolds
  A quokka (D:3)
  11 rats
115 creatures vanquished.

Vanquished Creatures (others)
  A rat (D:2)
1 creature vanquished.

Grand Total: 116 creatures vanquished

Notes
Turn   | Place    | Note
--------------------------------------------------------------
     0 | D:1      | soupofsoups, the Halfling Assassin, began the quest for the Orb.
     0 | D:1      | Reached XP level 1. HP: 14/14 MP: 1/1
   152 | D:1      | Reached XP level 2. HP: 19/19 MP: 2/2
   758 | D:1      | Reached XP level 3. HP: 10/24 MP: 3/3
  1306 | D:2      | Reached skill level 5 in Short Blades
  1676 | D:2      | Reached XP level 4. HP: 10/29 MP: 4/4
  1932 | D:2      | Found a shadowy altar of Dithmenos.
  2076 | D:2      | Found a basalt altar of Yredelemnul.
  2077 | D:2      | Noticed a profane servitor
  2081 | D:2      | Found a glowing golden altar of the Shining One.
  2082 | D:2      | Noticed an angel
  2419 | D:3      | Reached skill level 6 in Short Blades
  2562 | D:3      | Reached skill level 7 in Short Blades
  2562 | D:3      | Reached XP level 5. HP: 16/34 MP: 5/5
  3514 | D:4      | Noticed an ogre
  3527 | D:4      | Killed an ogre
  3527 | D:4      | Reached skill level 8 in Short Blades
  3527 | D:4      | Reached XP level 6. HP: 24/39 MP: 6/6
  3776 | D:4      | Found a radiant altar of Vehumet.
  3776 | D:4      | Found a snail-covered altar of Cheibriados.
  3995 | D:4      | Reached skill level 9 in Short Blades
  4012 | D:4      | Reached XP level 7. HP: 44/44 MP: 7/7
  4100 | D:4      | Noticed Ijyb
  4103 | D:4      | Killed Ijyb
  4595 | D:4      | Noticed Robin
  4635 | D:4      | Killed Robin
  4866 | D:5      | Entered Level 5 of the Dungeon
  4866 | D:5      | Noticed Eustachio
  4910 | D:5      | HP: 1/44 [Eustachio/rapier (5)]
  4911 | D:5      | Slain by an iron imp

Action                   |  1- 3 |  4- 6 |  7- 9 || total
-------------------------+-------+-------+-------++-------
Melee: Dagger            |    54 |       |       ||    54
       Short sword       |   122 |   257 |   127 ||   506
 Fire: Blowgun           |     2 |    10 |       ||    12
Evoke: Wand              |       |     2 |     1 ||     3
  Use: Scroll            |       |       |     5 ||     5
       Potion            |       |       |     2 ||     2
 Stab: Sleeping          |     7 |    11 |     6 ||    24
       Confused          |       |     1 |     1 ||     2
       Distracted        |       |     1 |     1 ||     2
  Eat: Chunk             |     2 |     8 |     3 ||    13
